 Dungeon Crawl Stone Soup version 0.28-b1-1-g3c77fb2ed1 (webtiles) character file.

Game seed: 10504601619535849125

49 DildoBatman the Conjurer (level 4, -1/30 HPs)
             Began as a Formicid Conjurer on Jan 28, 2022.
             Slain by a hobgoblin (2 damage)
             ... on level 2 of the Dungeon.
             The game lasted 00:03:03 (1474 turns).

DildoBatman the Conjurer (Formicid Conjurer)        Turns: 1474, Time: 00:03:04

Health: -1/30      AC:  6    Str: 12    XL:     4   Next: 1%
Magic:  7/7        EV: 12    Int: 17    God:
Gold:   41         SH:  0    Dex: 11    Spells: 4/7 levels left

rFire   . . .      SeeInvis +   d - +0 dagger
rCold   . . .      Faith    .   (no shield)
rNeg    . . .      Spirit   .   a - +0 robe
rPois   .          Reflect  .   (helmet unavailable)
rElec   .          Harm     .   (no cloak)
rCorr   .          Rampage  .   (no gloves)
Will    .....                   (no boots)
Stlth   ++........              (no amulet)
HPRegen 0.10/turn               j - +4 ring of protection
MPRegen 0.10/turn               (no ring)

@: no status effects
A: permanent stasis, dig shafts and tunnels, antennae 3, four strong arms
a: Dig, Shaft Self


You were on level 2 of the Dungeon.
You visited 1 branch of the dungeon, and saw 2 of its levels.

You collected 41 gold pieces.

Inventory:

Hand Weapons
 d - a +0 dagger (weapon)
Missiles
 c - 33 stones
 f - 6 poisoned darts
 k - 19 bolts
 l - 28 sling bullets
Armour
 a - a +0 robe (worn)
 e - a +1 ring mail of willpower
Jewellery
 j - a +4 ring of protection (left hand)
Scrolls
 h - a scroll of amnesia {unknown}
 i - a scroll of summoning {unknown}
Potions
 b - a potion of flight {unknown}
 g - a potion of brilliance {unknown}


   Skills:
 - Level 1.7 Dodging
 - Level 2.4 Stealth
 - Level 2.1 Spellcasting
 * Level 4.8 Conjurations


You had 4 spell levels left.
You knew the following spells:

 Your Spells              Type           Power      Damage    Failure   Level
a - Searing Ray           Conj           36%        2d5       3%          2
c - Magic Dart            Conj           72%        1d6       2%          1

Your spell library contained the following spells:

 Spells                   Type           Power      Damage    Failure   Level
 Dazzling Flash           Conj/Hex       20%        N/A       22%         3
 Fulminant Prism          Conj/Hex       5%         3d7       56%         4
 Iskenderun's Mystic Bla  Conj/Tloc      10%        2d4       56%         4


Dungeon Overview and Level Annotations

Branches:
Dungeon (1/15)

Altars:
Elyvilon
Fedhas


Innate Abilities, Weirdness & Mutations

You cannot be hasted, slowed, berserked, paralysed or teleported.
You can dig through walls and to a lower floor.
You have a pair of large antennae on your head. (SInv)
Your four strong arms can wield two-handed weapons with a shield.


Message History

r - Retreat! s - Stop attacking. g - Guard the area. f - Follow me.
Anything else - Cancel.
You shout for attention!
The hobgoblin closely misses you. The goblin hits you but does no damage.
The quokka closely misses you.
The frilled lizard bites you but does no damage.
What are your orders? t - Shout!
Orders for allies: a - Attack new target. r - Retreat! s - Stop attacking. g - Guard the area. f - Follow me.
Anything else - Cancel.
You shout for attention!
The hobgoblin barely misses you. The goblin barely misses you.
The quokka bites you. The frilled lizard barely misses you.
What are your orders? t - Shout!
Orders for allies: a - Attack new target. r - Retreat! s - Stop attacking. g - Guard the area. f - Follow me.
Anything else - Cancel.
You shout for attention!
The hobgoblin completely misses you. The goblin barely misses you.
The quokka closely misses you. The frilled lizard closely misses you.
What are your orders? t - Shout!
Orders for allies: a - Attack new target. r - Retreat! s - Stop attacking. g - Guard the area. f - Follow me.
Anything else - Cancel.
You shout for attention!
The quokka bites you. The hobgoblin hits you.
You die...

##### #.....
#..... #.._..#
.......
......r########
##.####@.......
......ggl.#####
##.####.#.#
#.#.# #.# # ...
..# #..# #..#


You could see a quokka, a hobgoblin, a goblin and a frilled lizard.

Vanquished Creatures
  2 dart slugs (D:1)
  6 ball pythons (D:1)
  3 bats (D:1)
  5 endoplasms (D:1)
  A giant cockroach (D:1)
  4 goblins (D:1)
  3 hobgoblins (D:1)
  2 jackals (D:1)
  3 kobolds (D:1)
  4 quokkas (D:1)
  A frilled lizard (D:1)
  4 rats (D:1)
38 creatures vanquished.

Notes
Turn   | Place    | Note
-------+----------+-------------------------------------------
     0 | D:1      | DildoBatman the Formicid Conjurer began the quest for the
                  | Orb.
     0 | D:1      | Reached XP level 1. HP: 13/13 MP: 3/3
   244 | D:1      | Reached XP level 2. HP: 15/19 MP: 0/5
   247 | D:1      | Learned a level 2 spell: Searing Ray
   347 | D:1      | Reached skill level 4 in Conjurations
   548 | D:1      | Reached XP level 3. HP: 11/24 MP: 0/6
  1219 | D:1      | Found a faded altar of an unknown god.
  1389 | D:1      | Reached XP level 4. HP: 30/30 MP: 1/7
  1429 | D:1      | Prayed at the altar of an unknown god.
  1429 | D:1      | Became a worshipper of Elyvilon the Healer
  1429 | D:1      | Reached * piety under Elyvilon
  1430 | D:1      | Fell from the grace of Elyvilon
  1433 | D:1      | You fall into a shaft and drop 1 floor!
  1437 | D:2      | Found a blossoming altar of Fedhas.
  1474 | D:2      | HP: 1/30 [quokka (3)]
  1474 | D:2      | Slain by a hobgoblin

Illustrated notes

Levels and vault maps discovered:
D:1:      lightli_arrival_boilingwater, layout_loops_corners, serial_forest,
          infiniplex_forest_end_2, infiniplex_forest_lined_room_2,
          infiniplex_forest_clump_small, infiniplex_forest_straight_5,
          infiniplex_forest_join, infiniplex_forest_straight_3,
          infiniplex_forest_straight_1, shapermc_ecumenical_altar_ellora,
          minmay_domino_4
D:2:      minmay_razor_zed, layout_loops_ring, basic_altar, minmay_tall_x,
          uniq_jessica

Skill      XL: |  1  2 |
---------------+-------+-----
Conjurations   | 4 |  4.8
Dodging        | |  1.7
Stealth        | |  2.4
Spellcasting   | |  2.1

Action                   |  1- 3 |  4- 6 || total
-------------------------+-------+-------++-------
Melee: Dagger            |    15 |       ||    15
 Cast: Magic Dart        |    64 |       ||    64
       Searing Ray       |     4 |       ||     4
Invok: Renounce Religion |       |     1 ||     1
 Abil: Shaft Self        |       |     1 ||     1
 Stab: Sleeping          |     2 |       ||     2
Armor: Robe              |     8 |    36 ||    44
Dodge: Dodged            |    29 |    64 ||    93
